 Dungeon Crawl Stone Soup version 0.31-a0-441-g867994ef1c (webtiles) character file.

Game seed: 741046315291764477

84 redmage the Digger (level 5, -2/38 HPs)
             Began as a Meteoran Earth Elementalist on Aug 2, 2023.
             Slain by an iguana (4 damage)
             ... on level 5 of the Dungeon.
             The game lasted 00:08:36 (514 turns).

redmage the Digger (Meteoran Earth Elementalist)     Turns: 514, Time: 00:08:37

Health: -2/38      AC:  2    Str:  9    XL:     5   Next: 4%
Magic:  5/10       EV: 12    Int: 19    God:
Gold:   45         SH:  0    Dex: 14    Spells: 4/10 levels left

rFire   . . .        q - +5 quarterstaff
rCold   . . .        (shield currently unavailable)
rNeg    + . .        a - +0 robe
rPois   .            (no helmet)
rElec   .            (no cloak)
rCorr   .            (no gloves)
SInv    +            (no boots)
Will    .....        g - amulet of magic regeneration
Stlth   +            i - ring of positive energy
HPRegen 0.26/turn    m - ring of see invisible
MPRegen 0.52/turn

%: no passive effects
@: very slightly contaminated, glowing
A: sense surroundings 1, otherworldly, glowing, explore regen
a: no special abilities


You were on level 5 of the Dungeon.
You visited 1 branch of the dungeon, and saw 5 of its levels.

You collected 45 gold pieces.

Inventory:

Hand Weapons
 q - a +5 quarterstaff (weapon)
Missiles
 n - 5 poisoned darts
Armour
 a - a +0 robe (worn)
Jewellery
 g - an amulet of magic regeneration (around neck)
 i - a ring of positive energy (left hand)
 m - a ring of see invisible (right hand)
Talismans
 c - a blade talisman
Wands
 k - a wand of iceblast (14)
Scrolls
 e - a scroll of poison {unknown}
 h - a scroll of enchant weapon {unknown}
 j - a scroll of amnesia
Potions
 b - a potion of magic
 d - a potion of cancellation {unknown}
 f - a potion of attraction {unknown}
 o - a potion of lignification {unknown}


   Skills:
 - Level 2.4 Dodging
 - Level 1.4 Stealth
 - Level 3.0 Spellcasting
 * Level 1.9 Conjurations
 - Level 2.0 Transmutations
 + Level 5.3 Earth Magic


You had 4 spell levels left.
You knew the following spells:

 Your Spells              Type           Power      Damage    Failure   Level
a - Sandblast             Erth           46%        2d11      1%          1
b - Passwall              Tmut/Erth      13%        N/A       4%          2
c - Stone Arrow           Conj/Erth      32%        3d9       11%         3

Your spell library contained the following spells:

 Spells                   Type           Power      Damage    Failure   Level
 Wereblood                Tmut           10%        N/A       10%         2
 Sublimation of Blood     Necr           2%         N/A       22%         2
 Petrify                  Tmut/Erth      16%        N/A       32%         4
 Call Canine Familiar     Summ           2%         N/A       41%         3
 Portal Projectile        Hex/Tloc       4%         N/A       41%         3
 Leda's Liquefaction      Hex/Erth       6%         N/A       45%         4
 Summon Hydra             Summ           1%         N/A       100%        7


Dungeon Overview and Level Annotations

Branches:
Dungeon (5/15) Zot: 2462
 Temple: D:4-7

Altars:
Dithmenos
Makhleb

Shops:
D:1 !


Innate Abilities, Weirdness & Mutations

You passively map a small area around you.
You are easily found by Zot.
You glow in the dark.
You regain HP and MP as you explore.


Message History

You kill the white imp!
Training target 2.0 for Transmutations reached!
Your Transmutations skill increases to level 2!
You have reached level 5!
Unknown command.
Press: ? - help, v - describe, . - travel
Here: an iguana The floor.
Unknown command.
Casting: Sandblast (safe; 1% risk of failure)
Confirm with . or Enter, or press ? or * to list all spells.
Aiming: Sandblast (safe; 1% risk of failure)
Press: ? - help, Shift-Dir - straight line, f - iguana
Aim: an iguana (85% to hit)
The blast of sand hits the iguana.
The iguana is moderately wounded.
The iguana bites you!
* * * LOW HITPOINT WARNING * * *
The iguana closely misses you.
Unknown command.
Casting: Sandblast (safe; 1% risk of failure)
Confirm with . or Enter, or press ? or * to list all spells.
Aiming: Sandblast (safe; 1% risk of failure)
Press: ? - help, Shift-Dir - straight line, f/p - iguana
Aim: an iguana (moderately wounded, 85% to hit)
The blast of sand hits the iguana.
The iguana is heavily wounded.
The iguana bites you!
* * * LOW HITPOINT WARNING * * *
Unknown command.
Unknown command.
Casting: Sandblast (safe; 1% risk of failure)
Confirm with . or Enter, or press ? or * to list all spells.
Aiming: Stone Arrow (dangerous; 11% risk of failure)
Press: ? - help, Shift-Dir - straight line, f/p - iguana
Aim: an iguana (heavily wounded, 72% to hit)
You miscast Stone Arrow.
You are very lightly contaminated with residual magic.
Nothing appears to happen.
The iguana bites you.
You die...

....#..........
*
#[............
#..#....$.....
*
#.............
#............ ,
#>...<....#
#.#.#.....# ,
,#h#l###.#* *,,
#.#@# .. ,
#.$..$# .
#.###.# * , ###
,


You could see an iguana.

Vanquished Creatures
  A hound (D:5)
  2 adders (D:2)
  A white imp (D:5)
  2 worms (D:2)
  2 endoplasms
  2 giant cockroaches
  2 hobgoblins
  4 kobolds
  A quokka (D:2)
  5 ball pythons
  A bat (D:3)
  2 frilled lizards (D:2)
  4 rats
29 creatures vanquished.

Notes
Turn   | Place    | Note
-------+----------+-------------------------------------------
     0 | D:1      | redmage the Meteoran Earth Elementalist began the quest for
                  | the Orb.
     0 | D:1      | Reached XP level 1. HP: 14/14 MP: 5/5
    66 | D:1      | Found Butryloo's Distillery.
    70 | D:1      | Reached skill level 4 in Earth Magic
    70 | D:1      | Reached XP level 2. HP: 20/20 MP: 4/6
    82 | D:1      | Learned a level 2 spell: Passwall
   187 | D:2      | Found a faded altar of an unknown god.
   192 | D:2      | Reached XP level 3. HP: 26/26 MP: 8/8
   274 | D:2      | Reached skill level 5 in Earth Magic
   313 | D:3      | Learned a level 3 spell: Stone Arrow
   319 | D:3      | Found a burning altar of Makhleb.
   343 | D:4      | Noticed a phantom
   371 | D:3      | Found a shadowy altar of Dithmenos.
   373 | D:3      | Reached XP level 4. HP: 33/33 MP: 9/9
   502 | D:5      | Entered Level 5 of the Dungeon
   509 | D:5      | Reached skill level 1 in Conjurations
   512 | D:5      | Reached XP level 5. HP: 21/38 MP: 8/10
   514 | D:5      | Slain by an iguana

Illustrated notes

Levels and vault maps discovered:
D:1:      dpeg_arrival_rooms_c, layout_basic, serial_forest,
          infiniplex_forest_pool, infiniplex_forest_clump_tiny,
          infiniplex_forest_clump_medium, infiniplex_forest_clump_tiny,
          serial_shops, nicolae_shop_overgrown_old_shop, shop,
          chequers_serial_rivers_room_a
D:2:      layout_loops_ring, shapermc_ecumenical_altar_starsandcircs
D:3:      layout_basic, bloody_makhleb, nicolae_dithmenos_the_darkroom
D:4:      layout_loops_cross, nicolae_overflow_hidden_temple, uniq_ijyb
D:5:      layout_basic, trog_hazing_becter, temple_statues,
          gammafunk_ghost_split, nicolae_nh_ransacked_shop

Skill      XL: |  1  2  3  4 |
---------------+-------------+-----
Earth Magic    | 4 5 |  5.3
Spellcasting   | 3 |  3.0
Conjurations   | 1 |  1.9
Transmutations | 2 |  2.0
Dodging        | |  2.4
Stealth        | |  1.4

Action                     |  1- 3 |  4- 6 || total
---------------------------+-------+-------++-------
   Cast: Sandblast         |    32 |    17 ||    49
         Passwall          |     3 |       ||     3
    Use: Scroll            |       |     5 ||     5
 Armour: Robe              |       |     4 ||     4
  Dodge: Dodged            |     7 |     4 ||    11

Table legend: (Time is in decaauts)
 A = Elapsed time spent in this place.
 B = Non-inter-level travel time spent in this place.
 C = Inter-level travel time spent in this place.
 D = Time resting spent in this place.
 E = Time spent auto-exploring this place.
 F = Levels seen in this place.
 G = Mean time per level.
                   A        B        C        D        E       F      G
               +--------+--------+--------+--------+--------+-----+--------+
         Total |    536 |    536 |      0 |      0 |      0 |   5 |  107.2 |
       Dungeon |    536 |    536 |      0 |      0 |      0 |   5 |  107.2 |
               +--------+--------+--------+--------+--------+-----+--------+

Top non-repeatable levels by time:
     D:2: 189 daAuts
     D:3: 148 daAuts
     D:1: 138 daAuts
     D:4: 45 daAuts
     D:5: 15 daAuts
